 Dungeon Crawl Stone Soup version 0.27.1-33-g824d729ab1 (webtiles) character file.

Game seed: 1709212998455848981

70 barney the Changer (level 4, -7/35 HPs)
             Began as a Draconian Transmuter on Dec 20, 2021.
             Killed from afar by a white imp (10 damage)
             ... with a puff of frost
             ... summoned by Natasha
             ... on level 2 of the Dungeon.
             The game lasted 00:02:38 (1965 turns).

barney the Changer (Draconian Transmuter)           Turns: 1965, Time: 00:02:40

Health: -7/35      AC:  2    Str: 12    XL:     4   Next: 3%
Magic:  0/7        EV: 19    Int: 15    God:
Gold:   34         SH:  0    Dex: 16    Spells: 1/7 levels left

rFire    . . .     SeeInvis .     - Unarmed
rCold    . . .     Faith    .   (shield currently unavailable)
rNeg     . . .     Spirit   .   (armour unavailable)
rPois    x         Reflect  .   (helmet currently unavailable)
rElec    .         Harm     .   (cloak currently unavailable)
rCorr    .         Rampage  .   (gloves currently unavailable)
Will     .....                  (boots currently unavailable)
Stlth    +.........             (no amulet)
HPRegen  0.11/turn              (no ring)
MPRegen  0.10/turn              (no ring)

@: spider-form
A: venomous fangs, AC +5, tiny, unfitting armour, (cold-blooded)
a: End Transformation


You were on level 2 of the Dungeon.
You were a venomous arachnid creature.
You visited 1 branch of the dungeon, and saw 3 of its levels.

You collected 34 gold pieces.

Inventory:

Hand Weapons
 c - a +0 short sword (melded)
Scrolls
 d - a scroll of teleportation {unknown}
 e - a scroll of enchant armour {unknown}
 f - a scroll of blinking {unknown}
Potions
 a - a potion of flight {unknown}
 b - a potion of cancellation {unknown}


   Skills:
 - Level 1.1 Fighting
 - Level 1.7 Dodging
 - Level 3.0 Unarmed Combat
 - Level 2.0 Spellcasting
 + Level 4.3 Transmutations


You had one spell level left.
You knew the following spells:

 Your Spells              Type           Power      Damage    Failure   Level
a - Beastly Appendage     Tmut           28%        N/A       12%         1
b - Spider Form           Tmut/Pois      4%         N/A       47%         3
c - Wereblood             Tmut           14%        N/A       16%         2

Your spell library contained the following spells:

 Spells                   Type           Power      Damage    Failure   Level
 Ice Form                 Ice/Tmut       8%         N/A       83%         4


Dungeon Overview and Level Annotations

Branches:
Dungeon (3/15)

Altars:

Shops:
D:1 *

Annotations:
D:2 Natasha


Innate Abilities, Weirdness & Mutations

You are a venomous arachnid creature.
You have poisonous fangs.
You are tiny and dextrous.
Your spellcasting is less reliable in this form.
Your armour is entirely melded.
You are incapable of wielding weapons or throwing items.
((Your plain brown scales are hard. (AC +5)))
You cannot fit into any form of body armour.
((You are cold-blooded and may be slowed by cold attacks.))


Message History

Natasha is nearby!
Casting: Spider Form (quite dangerous; 26% risk of failure)
Confirm with . or Enter, or press ? or * to list all spells.
You don't have enough magic to cast this spell.
Natasha is nearby!
You see here an adder corpse.
Natasha hisses angrily.
Natasha howls an incantation.
Natasha shimmers violently.
Natasha stares at you and mumbles some strange words.
The magic dart hits you.
Natasha drinks a potion.
Natasha seems to grow stronger.
You see here an adder corpse.
You closely miss Natasha. You tail-slap Natasha.
Natasha is lightly wounded.
Natasha mumbles some strange words.
You closely miss Natasha.
Natasha is lightly wounded.
Natasha stares at you and mumbles some strange words.
The magic dart hits you. The white imp gestures at you.
The puff of frost hits you.
You hit Natasha.
Natasha is moderately wounded.
Natasha stares at you and mumbles some strange words.
The magic dart hits you!
Casting: Spider Form (quite dangerous; 26% risk of failure)
Confirm with . or Enter, or press ? or * to list all spells.
The spell is quite dangerous to cast (26% risk of failure)!
Continue anyway?
You turn into a venomous arachnid creature.
Your +0 short sword melds into your body.
Natasha completely misses you. The white imp completely misses you.
Unknown command.
You closely miss Natasha.
Natasha is moderately wounded.
Natasha claws you!
* * * LOW HITPOINT WARNING * * *
The white imp gestures at you. The puff of frost hits you!
You die...

....... .......
....... ##########
.......##...##...##
.......#..........##
...................#
...................#
#.. ###.......hs...#
#.# #..........5..##
#.###.###....#...##
#.##).# ####.#####
#.#..## #.# ##.#.##
#.# .....# #.#
##.### #.# ...# #.#


You could see Natasha (strong) and a white imp (summoned).

Vanquished Creatures
  Jessica (D:2)
  An adder (D:2)
  A worm (D:2)
  A ball python (D:2)
  4 endoplasms
  8 goblins
  4 hobgoblins
  3 kobolds (D:1)
  A quokka (D:1)
  A bat (D:2)
  3 rats
28 creatures vanquished.

Notes
Turn   | Place    | Note
-------+----------+-------------------------------------------
     0 | D:1      | barney the Draconian Transmuter began the quest for the
                  | Orb.
     0 | D:1      | Reached XP level 1. HP: 16/16 MP: 3/3
   141 | D:1      | Found Mote's General Store.
   654 | D:1      | Found a faded altar of an unknown god.
   670 | D:1      | Reached XP level 2. HP: 15/23 MP: 3/5
   954 | D:2      | Noticed Natasha
   997 | D:2      | Reached skill level 3 in Transmutations
  1067 | D:2      | You fall into a shaft and drop 1 floor!
  1441 | D:2      | Noticed Jessica
  1452 | D:2      | Killed Jessica
  1453 | D:2      | Reached skill level 4 in Transmutations
  1453 | D:2      | Reached XP level 3. HP: 12/28 MP: 6/6
  1765 | D:2      | Learned a level 3 spell: Spider Form
  1768 | D:2      | Learned a level 2 spell: Wereblood
  1939 | D:2      | Reached XP level 4. HP: 32/35 MP: 0/7
  1965 | D:2      | Killed from afar by a white imp

Illustrated notes

Levels and vault maps discovered:
D:1:      erik_arrival_orb_chamber, layout_rooms, serial_shops,
          nicolae_shop_behind_doors,
          dreamdust_ecumenical_altar_angels_and_demons
D:2:      layout_rooms, uniq_natasha, uniq_jessica
D:3:      minmay_evil_eye, layout_loops_ring, uniq_robin, uniq_ijyb

Skill      XL: |  1  2 |
---------------+-------+-----
Transmutations | 4 |  4.3
Fighting       | |  1.1
Dodging        | |  1.7
Unarmed Combat | |  3.0
Spellcasting   | |  2.0

Action                   |  1- 3 |  4- 6 || total
-------------------------+-------+-------++-------
Melee: Short sword       |    74 |     3 ||    77
       Unarmed           |     8 |     1 ||     9
       Kick              |    11 |       ||    11
       Headbutt          |     4 |       ||     4
       Tailslap          |     3 |     1 ||     4
 Cast: Beastly Appendage |     9 |       ||     9
       Spider Form       |       |     1 ||     1
  Use: Potion            |     2 |       ||     2
Armor: Skin              |    42 |       ||    42
Dodge: Dodged            |    45 |     2 ||    47
